 Dungeon Crawl Stone Soup version 0.29-a0-284-gf9362112df (webtiles) character file.

Game seed: 13977261754906148228

8 spaghetti the Skirmisher (level 2, -1/24 HPs)
             Began as a Demonspawn Abyssal Knight on Mar 25, 2022.
             Was a Believer of Lugonu.
             Frozen to death by an endoplasm (5 damage)
             ... on level 1 of the Dungeon.
             The game lasted 00:00:39 (347 turns).

spaghetti the Skirmisher (Demonspawn Abyssal Knight) Turns: 347, Time: 00:00:39

Health: -1/24      AC:  3    Str: 13    XL:     2   Next: 0%
Magic:  3/3        EV: 11    Int: 11    God:    Lugonu [**....]
Gold:   23         SH:  0    Dex: 13    Spells: 1/1 levels left

rFire   . . .      SeeInvis .   a - +1 short sword {short}
rCold   . . .      Faith    .   (no shield)
rNeg    . . .      Spirit   .   b - +0 leather armour
rPois   .          Reflect  .   (helmet restricted)
rElec   .          Harm     .   (no cloak)
rCorr   .          Rampage  .   (no gloves)
Will    .....                   (no boots)
Stlth   ++........              (no amulet)
HPRegen 0.08/turn               (no ring)
MPRegen 0.08/turn               (no ring)

@: no status effects
A: antennae 1
a: Renounce Religion, Depart the Abyss, Bend Space


You were on level 1 of the Dungeon.
You worshipped Lugonu.
Lugonu was pleased with you.
You visited 1 branch of the dungeon, and saw 1 of its levels.
You visited the Abyss 1 time.

You collected 23 gold pieces.


Innate Abilities, Weirdness & Mutations

You have a pair of small antennae on your head.


   Skills:
 - Level 3.0 Fighting
 - Level 1.7 Short Blades
 - Level 1.7 Armour
 - Level 0.8 Dodging
 + Level 1.6 Stealth
 - Level 2.4 Invocations


You had one spell level left.
You didn't know any spells.
Your spell library contained the following spells:

 Spells                   Type           Power      Damage    Failure   Level
 Ensorcelled Hibernation  Hex/Ice        0%         N/A       56%         2
 Spider Form              Tmut/Pois      0%         N/A       80%         3
 Anguish                  Hex/Necr       0%         N/A       99%         4

Inventory:

Hand Weapons
 a - a +1 short sword (weapon) {short}
Missiles
 c - 23 stones {throwing}
Armour
 b - a +0 leather armour (worn)

Dungeon Overview and Level Annotations

Branches:
Dungeon (1/15)

Altars:

...... ...... .?# ...... ..#
....#####.#### $......#....#
#.g...#....# #.....#....#
#...J.#....# ########
#.....#@...##+###..>..⌠#
#.....gJ........#......#
#####...........#......#
#...........#.##...#
#...........#.##...#
#...........#......#
##########...........'.....⌠#
#...........###+##'###......#
#...........# #.##.# #.##..≈#


You could see an endoplasm and a hobgoblin.


Message History

A kobold comes into view. It is wielding a +0 dagger.
The kobold shouts!
A ball python comes into view.
There are monsters nearby!
There are monsters nearby!
There are monsters nearby!
A giant cockroach comes into view.
The kobold hits you but does no damage.
An endoplasm comes into view.
The endoplasm quivers.
You hit the kobold but do no damage. Your punch misses the kobold.
The ball python bites you but does no damage.
The ball python grabs you. The ball python constricts you.
A hobgoblin comes into view.
The kobold hits you but does no damage. The ball python closely misses you.
The ball python constricts you. 😕 HP[-2]
You take 2 damage, and now have 16/18 hp.
You barely miss the ball python. The kobold hits you with a +0 dagger.
The ball python bites you. The ball python constricts you.
The giant cockroach bites you but does no damage. 😮 HP[-3]
You take 3 damage, and now have 13/18 hp.
You hit the ball python. The giant cockroach bites you.
The ball python bites you. The ball python constricts you.
* * * LOW HITPOINT WARNING * * *
The kobold hits you with a +0 dagger.
* * * LOW HITPOINT WARNING * * *
😨 HP[-5]
You take 5 damage, and now have 8/18 hp.
MASSIVE DAMAGE!! (PAUSE)
You aren't carrying any potions.
As you read the scroll labelled MAISAI ROFIJ, it crumbles to dust.
It is a scroll of amnesia.
You feel forgetful for a moment.
The giant cockroach bites you but does no damage.
The ball python bites you but does no damage.
The ball python constricts you.
* * * LOW HITPOINT WARNING * * *
The kobold hits you but does no damage. 😨 HP[-1]
You take 1 damage, and now have 7/18 hp.
You escape the ball python's grasp.
The ball python attacks as you move away!
The ball python bites you but does no damage.
The giant cockroach bites you but does no damage.
The ball python attacks as you move away!
The ball python bites you.
* * * LOW HITPOINT WARNING * * *
😨 HP[-1]
You take 1 damage, and now have 6/18 hp.
The giant cockroach attacks as you move away!
The giant cockroach closely misses you.
The ball python bites you but does no damage.
The ball python closely misses you.
The ball python bites you but does no damage.
The ball python closely misses you.
You aren't carrying any scrolls.
You aren't carrying any potions.
You hit the ball python.
You kill the ball python!
Lugonu accepts your kill.
You hit the giant cockroach. The giant cockroach misses you.
The kobold barely misses you.
The giant cockroach bites you but does no damage.
You hit the giant cockroach.
You kill the giant cockroach!
Lugonu accepts your kill. The kobold hits you with a +0 dagger.
* * * LOW HITPOINT WARNING * * *
😨 HP[-1]
You take 1 damage, and now have 5/18 hp.
You barely miss the kobold. The kobold closely misses you.
The endoplasm barely misses you.
You hit the kobold. Your punch misses the kobold. The kobold barely misses you.
The endoplasm misses you.
You hit the kobold.
You kill the kobold!
Lugonu accepts your kill. The endoplasm completely misses you.
You have reached level 2!
Your demonic ancestry asserts itself...
A pair of antennae grows on your head! 😨 HP[+2] MP[+1]
You now have 24 max hp (+6).
You regained 2 hp, and now have 7/24 hp.
Your mp is fully restored (3).
You closely miss the hobgoblin. The endoplasm hits you.
* * * LOW HITPOINT WARNING * * *
The hobgoblin hits you but does no damage. 😱 HP[-3]
You take 3 damage, and now have 4/24 hp.
You barely miss the hobgoblin. The endoplasm closely misses you.
The hobgoblin hits you but does no damage.
You barely miss the hobgoblin.
The hobgoblin hits you but does no damage.
The endoplasm freezes you.
You are frozen.
You die...

Skill      XL: |  1 |
---------------+----+-----
Stealth        | 1 |  1.6
Fighting       | |  3.0
Short Blades   | |  1.7
Armour         | |  1.7
Dodging        | |  0.8
Invocations    | |  2.4

Action                   || total
-------------------------++-------
Melee: Short sword       ||    34
  Use: Scroll            ||     1
Armor: Leather armour    ||    25
Dodge: Dodged            ||    39

Levels and vault maps discovered:
D:1:      amcnicky_arrival_flooded_fountain, layout_basic,
          dreamdust_wishing_well

Notes
Turn   | Place    | Note
-------+----------+-------------------------------------------
     0 | Abyss:1  | spaghetti the Demonspawn Abyssal Knight began the quest for
                  | the Orb.
     0 | Abyss:1  | Reached XP level 1. HP: 18/18 MP: 2/2
     0 | Abyss:1  | magus.rc [v1.9.6]
    13 | D:1      | You pass through the gate.
    13 | D:1      | Escaped the Abyss
    39 | D:1      | You pick up a book of Dreams and begin reading...
    39 | D:1      | You add the spells Ensorcelled Hibernation, Spider Form and
                  | Anguish to your library.
   275 | D:1      | Reached skill level 1 in Stealth
   345 | D:1      | Gained mutation: You have a pair of small antennae on your
                  | head. [demonic ancestry]
   345 | D:1      | Reached XP level 2. HP: 7/24 MP: 3/3
   345 | D:1      | HP: 4/24 [endoplasm (3)]
   347 | D:1      | Frozen to death by an endoplasm

Vanquished Creatures
  A bat (D:1)
  A giant cockroach (D:1)
  A kobold (D:1)
  A quokka (D:1)
  2 ball pythons (D:1)
  A frilled lizard (D:1)
7 creatures vanquished.

Table legend:
 A = Non-vault XP
 B = Vault XP
 C = Vault XP percentage of total XP
 D = Non-vault monster count
 E = Vault monster count
 F = Vault count percentage of total count
                 A         B        C        D         E       F
            +---------+---------+-------+---------+---------+-------
      Total |      12 |       0 |   0.0 |       7 |       0 |   0.0
            +---------+---------+-------+---------+---------+-------
        D:1 |      12 |       0 |   0.0 |       7 |       0 |   0.0
            +---------+---------+-------+---------+---------+-------

Illustrated notes

Table legend:
 A = Kills in this place as a percentage of kills in entire the game.
 B = Kills by you in this place as a percentage of kills by you in the entire game.
 C = Kills by friends in this place as a percentage of kills by friends in the entire game.
 D = Other kills in this place as a percentage of other kills in the entire game.
 E = Experience gained in this place as a percentage of experience gained in the entire game.
 F = Experience gained in this place divided by the number of levels of this place that you have seen.
                   A       B       C       D       E      F
               +-------+-------+-------+-------+-------+----------------------
         Total | 100.0 | 100.0 |   N/A |   N/A | 100.0 |   6.0
       Dungeon | 100.0 | 100.0 |   N/A |   N/A | 100.0 |  12.0
               +-------+-------+-------+-------+-------+----------------------

Table legend: (Time is in decaauts)
 A = Elapsed time spent in this place.
 B = Non-inter-level travel time spent in this place.
 C = Inter-level travel time spent in this place.
 D = Time resting spent in this place.
 E = Time spent auto-exploring this place.
 F = Levels seen in this place.
 G = Mean time per level.
                   A        B        C        D        E       F      G
               +--------+--------+--------+--------+--------+-----+--------+
         Total |    347 |    347 |      0 |    142 |    120 |   2 |  173.5 |
       Dungeon |    334 |    334 |      0 |    142 |    113 |   1 |  334.0 |
         Abyss |     13 |     13 |      0 |      0 |      7 |   1 |   13.0 |
               +--------+--------+--------+--------+--------+-----+--------+

Top non-repeatable levels by time:
     D:1: 334 daAuts
 Abyss:1: 13 daAuts
